 Dungeon Crawl Stone Soup version 0.29-a0-911-g88e6f02907 (webtiles) character file.

Game seed: 1493733760445976943

44 snarfax the Trooper (level 3, -2/33 HPs)
             Began as a Minotaur Abyssal Knight on July 25, 2022.
             Was a Believer of Lugonu.
             Slain by an orc
             ... wielding a +0 war axe
              (5 damage)
             ... on level 2 of the Dungeon.
             The game lasted 00:04:39 (1953 turns).

snarfax the Trooper (Minotaur Abyssal Knight)       Turns: 1953, Time: 00:04:40

Health: -2/33      AC:  5    Str: 19    XL:     3   Next: 39%
Magic:  3/3        EV:  9    Int:  7    God:    Lugonu [**....]
Gold:   71         SH:  0    Dex: 10    Spells: 2/2 levels left

rFire   . . .      SeeInvis .   a - +1 hand axe
rCold   . . .      Faith    .   e - +0 kite shield
rNeg    . . .      Spirit   .   f - +0 ring mail
rPois   .          Reflect  .   (helmet restricted)
rElec   .          Harm     .   m - scarf {shadows}
rCorr   .          Rampage  .   (no gloves)
Will    .....                   (no boots)
Stlth   ..........              (no amulet)
HPRegen 0.11/turn               (no ring)
MPRegen 0.08/turn               (no ring)

@: confused, mighty
A: horns 2, retaliatory headbutt
a: Renounce Religion, Depart the Abyss, Bend Space


You were on level 2 of the Dungeon.
You worshipped Lugonu.
Lugonu was pleased with you.
You visited 1 branch of the dungeon, and saw 3 of its levels.
You visited the Abyss 1 time.

You collected 71 gold pieces.

Inventory:

Hand Weapons
 a - a +1 hand axe (weapon)
Missiles
 i - 5 poisoned darts
Armour
 b - a +0 leather armour
 e - a +0 kite shield (worn)
 f - a +0 ring mail (worn)
 m - a scarf of shadows (worn)
 n - an orb of light
Jewellery
 h - an amulet of faith
Scrolls
 d - a scroll of magic mapping {unknown}
 l - a scroll of vulnerability {unknown}
Potions
 c - a potion of heal wounds {unknown}
 g - 2 potions of cancellation
 j - a potion of degeneration
 k - a potion of curing {unknown}
 o - a potion of haste {unknown}
 p - a potion of might


   Skills:
 + Level 4.2 Fighting
 * Level 3.3 Axes
 + Level 3.1 Armour
 - Level 1.1 Dodging
 + Level 1.0 Shields
 - Level 1.7 Invocations


You had 2 spell levels left.
You didn't know any spells.
Your spell library contained the following spells:

 Spells                   Type           Power      Damage    Failure   Level
 Ensorcelled Hibernation  Hex/Ice        0%         N/A       99%         2
 Passwall                 Tmut/Erth      0%         N/A       99%         2
 Swiftness                Air            0%         N/A       100%        3


Dungeon Overview and Level Annotations

Branches:
Dungeon (3/15)

Altars:

Shops:
D:1 [


Innate Abilities, Weirdness & Mutations

You have a pair of horns on your head.
You reflexively headbutt those who attack you in melee.


Message History

The orc is severely wounded.
The orc throws a boomerang.
The boomerang closely misses you.
A giant cockroach comes into view.
There is a stone staircase leading up here.
You block the orc's attack.
You climb upwards.
There is a stone staircase leading down here.
You hit the orc.
You kill the orc!
Lugonu accepts your kill.
You start waiting.
Done waiting.
Things that are here:
a +0 dagger; a +0 leather armour; an orc corpse
There is a stone staircase leading down here.
You climb downwards.
The orc wizard casts a spell at you.
You are confused.
The orc hits you with a +0 club. The orc hits you with a +0 war axe.
The orc hits you with a +0 club.
There is a stone staircase leading up, spattered with blood here.
The orc barely misses you.
The orc wizard hits you with a +0 dagger.
The orc barely misses you.
You climb upwards.
There is a stone staircase leading down here.
You bump into the rock wall.
The orc closely misses you. The orc hits you but does no damage.
The orc wizard hits you but does no damage.
You hit the orc but do no damage. You hit the orc. You miss the orc wizard.
The orc hits you with a +0 club. The orc hits you with a +0 war axe.
The orc wizard gestures at you while chanting.
The puff of flame hits you!
* * * LOW HITPOINT WARNING * * *
It was a potion of might.
You feel very mighty all of a sudden. The orc hits you with a +0 club.
* * * LOW HITPOINT WARNING * * *
The orc hits you with a +0 war axe.
You die...

.....# #.......# .....#
#..#.#..#
...#.########..#.#..#
>....#.........#....###
###..#................#
###..#.........#......#
.....#................#
#.#.##.......#.#oo....#
.............#.#@##...#
#[#.##.......#.#o##...#
#...##########........#
#.### ######.###
#.######### #.#
#.#.......# #.#
#.#.#####.#########.#
#......##.#.........#
##########
#.#.##...)...########
#........#


You could see an orc wizard and 2 orcs.

Vanquished Creatures
  2 dart slugs (D:2)
  An orc (D:2)
  4 endoplasms
  A giant cockroach (D:1)
  4 goblins (D:2)
  3 hobgoblins
  7 ball pythons
  A bat (D:2)
  A frilled lizard (D:1)
  6 kobolds
  5 rats
35 creatures vanquished.

Vanquished Creatures (others)
  A fungus (D:1)
1 creature vanquished.

Grand Total: 36 creatures vanquished

Notes
Turn   | Place    | Note
-------+----------+-------------------------------------------
     0 | Abyss:1  | snarfax the Minotaur Abyssal Knight began the quest for the
                  | Orb.
     0 | Abyss:1  | Reached XP level 1. HP: 19/19 MP: 1/1
     3 | Abyss:1  | Found a corrupted altar of Lugonu.
    69 | Abyss:1  | Noticed a red devil
    70 | D:1      | Escaped the Abyss
   147 | D:1      | Found a faded altar of an unknown god.
   249 | D:1      | Reached ** piety under Lugonu
   411 | D:1      | Reached XP level 2. HP: 25/27 MP: 2/2
   452 | D:1      | Found Risyt's Armour Shoppe.
   536 | D:1      | Reached skill level 4 in Fighting
  1227 | D:2      | Reached XP level 3. HP: 29/33 MP: 3/3
  1508 | D:2      | Reached skill level 1 in Shields
  1953 | D:2      | Slain by an orc

Illustrated notes

Levels and vault maps discovered:
D:1:      dpeg_arrival_three_same_balls, layout_loops_cross,
          shapermc_ecumenical_altar_ellora, serial_shops, nicolae_shop_trees
D:2:      layout_loops_cross, hangedman_decor_growths, hex_medium, st_stairs_6
D:3:      layout_loops_ring, yredelemnul_forgotten_temple_becter, serial_shops,
          shop_fountains, uniq_natasha, uniq_grinder

Skill      XL: |  1  2  3 |
---------------+----------+-----
Fighting       | 4 |  4.2
Axes           | 3 |  3.3
Armour         | 3 |  3.1
Shields        | 1 |  1.0
Dodging        | |  1.1
Invocations    | |  1.7

Action                   || total
-------------------------++-------
Melee: Hand axe          ||    84
       Headbutt          ||    10
Invok: Depart the Abyss  ||     1
  Use: Scroll            ||     2
       Potion            ||     1
 Stab: Sleeping          ||     1
Armor: Leather armour    ||    12
       Ring mail         ||    14
Dodge: Dodged            ||    28
Block: Kite shield       ||    17

Table legend: (Time is in decaauts)
 A = Elapsed time spent in this place.
 B = Non-inter-level travel time spent in this place.
 C = Inter-level travel time spent in this place.
 D = Time resting spent in this place.
 E = Time spent auto-exploring this place.
 F = Levels seen in this place.
 G = Mean time per level.
                   A        B        C        D        E       F      G
               +--------+--------+--------+--------+--------+-----+--------+
         Total |   1976 |   1906 |     70 |    190 |   1356 |   4 |  494.0 |
       Dungeon |   1906 |   1836 |     70 |    190 |   1289 |   3 |  635.3 |
         Abyss |     70 |     70 |      0 |      0 |     67 |   1 |   70.0 |
               +--------+--------+--------+--------+--------+-----+--------+

Top non-repeatable levels by time:
     D:1: 950 daAuts
     D:2: 945 daAuts
 Abyss:1: 70 daAuts
     D:3: 10 daAuts
